 Dungeon Crawl Stone Soup version 0.18-a0-952-g309898a (webtiles) character file.

126 JokEr the Skirmisher (level 4, 0/38 HPs)
             Began as a Demonspawn Fighter on Dec 30, 2015.
             Killed by nerve-wracking pain
             ... invoked by an orc priest
              (11 damage)
             ... on level 3 of the Dungeon.
             The game lasted 00:04:59 (2725 turns).

JokEr the Skirmisher (Demonspawn Fighter)           Turns: 2725, Time: 00:04:59

Health: 0/38       AC:  9    Str: 17    XL:     4   Next: 84%
Magic:  4/4        EV:  5    Int: 10    God:
Gold:   108        SH:  8    Dex: 12    Spells: 0 memorised, 3 levels left

rFire  . . .     SeeInvis .     a - +0 long sword
rCold  . . .     Gourm    .     b - +0 scale mail
rNeg   . . .     Faith    .     c - +0 shield
rPois  .         Spirit   .     (no helmet)
rElec  .         Dismiss  .     (no cloak)
rCorr  .         Reflect  .     (no gloves)
SustAt .         Harm     .     (no boots)
MR     .....                    (no amulet)
Stlth  ..........               (no ring)
                                h - ring of invisibility

@: not resistant to hostile enchantments, extremely unstealthy
A: molten scales 2, powered by pain 1
a: Evoke Invisibility


You were on level 3 of the Dungeon.
You were not hungry.

You visited 1 branch of the dungeon, and saw 3 of its levels.

You collected 108 gold pieces.

Inventory:

Hand Weapons
 a - a +0 long sword (weapon)
Armour
 b - a +0 scale mail (worn)
 c - a +0 shield (worn)
Jewellery
 h - a ring of invisibility (left hand)
Scrolls
 i - a scroll of noise {unknown}
Potions
 d - 2 potions of might
 e - a potion of heal wounds {unknown}
 g - 3 potions of haste
Books
 j - a book of Battle

   Spells                             Type                      Level
   a - Infusion                       Charms                       1
   b - Shroud of Golubria             Charms/Translocation         2
   c - Song of Slaying                Charms                       2
   d - Spectral Weapon                Hexes/Charms                 3
   e - Regeneration                   Charms/Necromancy            3
Comestibles
 f - 3 bread rations
 k - a meat ration


   Skills:
 + Level 4.3 Fighting
 + Level 3.6 Long Blades
 - Level 2.6 Armour
 - Level 2.6 Shields


You had 3 spell levels left.
You didn't know any spells.

Dungeon Overview and Level Annotations

Branches:
Dungeon (3/15)

Altars:
Ru


Innate Abilities, Weirdness & Mutations

You are mostly covered in molten scales (AC +3, EV -1).
You sometimes gain a little power by taking damage.


Message History

An orc priest comes into view. It is wielding a mace.
An orc priest comes into view. It is wielding a whip.
Found a curved glass wand.
The orc priest casts a cantrip, but nothing happens.
The orc priest mumbles some strange prayers to Beogh against you.
Something smites you! The orc priest hits you with a mace.
Your shield and scale mail prevent you from hitting the orc priest.
The orc priest hits you but does no damage.
You hit the orc priest but do no damage.
The orc priest hits you with a whip. The orc priest barely misses you.
The orc priest mumbles some strange prayers to Beogh against you.
Something smites you!
* * * LOW HITPOINT WARNING * * *
You completely miss the orc priest. The orc priest hits you with a mace.
* * * LOW HITPOINT WARNING * * *
The orc priest hits you but does no damage.
The orc priest invokes the aid of Beogh against you.
Pain shoots through your body!
You die...

.. #...# #.##
##.###...####
.#...#.. ..........
....... ........#..
#..... ............#
. ... #.#...#.##...
#.#.# #.#...#.#####
##.#.####.#...#.#
#../@..##.#...#.#
###..#.#.##.#.(.#.##
......oo#...........#
###.......####..###.#
# #.......####..###.#
#
.....###.##.....##.#
#. ###.##
............##.# #..
..........†.#.# #.
...##.........##


You could see 2 orc priests.

Vanquished Creatures
  Natasha (D:3)
  A gnoll (D:1)
  3 adders
  An ooze (D:2)
  A worm (D:2)
  3 giant geckos
  3 giant cockroaches (D:1)
  5 goblins
  6 hobgoblins
  2 jackals (D:2)
  7 kobolds
  A quokka (D:3)
  A ball python (D:2)
  8 bats
  4 giant newts
  9 rats
56 creatures vanquished.

Notes
Turn   | Place    | Note
--------------------------------------------------------------
     0 | D:1      | JokEr the Demonspawn Fighter began the quest for the Orb.
     0 | D:1      | Reached XP level 1. HP: 18/18 MP: 1/1
    78 | D:1      | Gained mutation: You are partially covered in molten scales (AC +1). [demonic ancestry]
    78 | D:1      | Reached XP level 2. HP: 4/24 MP: 2/2
   713 | D:1      | Gained mutation: You are mostly covered in molten scales (AC +3, EV -1). [demonic ancestry]
   713 | D:1      | Reached XP level 3. HP: 27/29 MP: 3/3
  1899 | D:2      | Reached skill level 4 in Fighting
  1911 | D:2      | Gained mutation: You sometimes gain a little power by taking damage. [demonic ancestry]
  1911 | D:2      | Reached XP level 4. HP: 35/37 MP: 4/4
  2028 | D:2      | Found a sacrificial altar of Ru.
  2455 | D:3      | Noticed Natasha
  2466 | D:3      | Killed Natasha
  2725 | D:3      | Killed from afar by an orc priest

Vault maps used:
D:1:      dpeg_arrival_round_c
D:2:      marbit_many_paths, first_bread, st_stairs_13
D:3:      kennysheep_goblin_castle, nicolae_qazlal_style_of_elements,
          uniq_natasha, uniq_iyjb

Action                   |  1- 3 |  4- 6 || total
-------------------------+-------+-------++-------
Melee: Long sword        |   136 |   104 ||   240
  Use: Scroll            |     4 |     2 ||     6
  Eat: Chunk             |     3 |     3 ||     6
